2847 views
Uploaded 2020-03-13 19:24:51
Game version 1.32.2
39:30 long 4on4 ladder game on (8)Battleground_LV
Saved by BEARAND
2847 views
Uploaded 2020-03-13 19:24:51
Game version 1.32.2
39:30 long 4on4 ladder game on (8)Battleground_LV


139 units @ 12.8k
/ 0.8k
459 buildings @ 25.5k
/ 12.8k


| Lesser Clarity Potion | 2 | 140 |
| Potion of Healing | 1 | 150 |
| Orb of Venom | 2 | 650 |
| Staff of Preservation | 1 | 150 |
| Boots of Speed | 2 | 500 |
| Staff of Teleportation | 2 | 300 |
| Circlet of Nobility | 2 | 350 |
| Scroll of Regeneration | 2 | 200 |
| Staff of Sanctuary | 1 | 250 |
| total: | 15 | 2690g |
| Wisp | 53 | 3180 | / | 0 |
| total: | 53 | 3180g | / | 0w |
| Altar of Elders | 1 | 180 | / | 50 |
| Moon Well | 30 | 5400 | / | 1200 |
| Tree of Life | 4 | 1360 | / | 740 |
| Hunter's Hall | 1 | 210 | / | 100 |
| Ancient of Wonders | 3 | 270 | / | 90 |
| Tree of Ages | 1 | 320 | / | 180 |
| Tree of Eternity | 1 | 330 | / | 200 |
| total: | 39 | 7420g | / | 2180w |
| 0:01 | Wisp |
| 0:03 | Altar of Elders |
| 0:07 | Wisp |
| 0:17 | Moon Well |
| 0:18 | Wisp |
| 0:30 | Wisp |
| 0:38 | Wisp |
| 0:48 | Wisp |
| 1:00 | Wisp |
| 1:09 | Wisp |
| 1:26 | Wisp |
| 1:44 | Moon Well |
| 1:45 | Wisp |
| 1:52 | Wisp |
| 2:05 | Entangling Roots |
| 2:09 | Wisp |
| 2:59 | Wisp |
| 3:14 | Wisp |
| 3:26 | Wisp |
| 3:35 | Tree of Life |
| 3:44 | Wisp |
| 3:55 | Wisp |
| 4:07 | Wisp |
| 4:23 | Boots of Speed |
| 4:29 | Wisp |
| 4:44 | Staff of Teleportation |
| 5:03 | Moon Well |
| 5:24 | Wisp |
| 5:31 | Wisp |
| 5:47 | Wisp |
| 5:52 | Moon Well |
| 6:21 | Wisp |
| 6:35 | Lesser Clarity Potion |
| 6:37 | Scroll of Regeneration |
| 6:42 | Tree of Ages |
| 7:12 | Wisp |
| 7:19 | Scroll of Regeneration |
| 7:37 | Wisp |
| 8:04 | Moon Well |
| 8:11 | Moon Well |
| 8:19 | Hunter's Hall |
| 8:20 | Wisp |
| 8:20 | Wisp |
| 8:30 | Wisp |
| 8:30 | Wisp |
| 8:33 | Wisp |
| 8:39 | Thorns Aura |
| 8:43 | Wisp |
| 8:54 | Tree of Life |
| 8:59 | Wisp |
| 9:16 | Frost Arrows |
| 9:30 | Tree of Eternity |
| 9:38 | Boots of Speed |
| 9:44 | Wisp |
| 9:45 | Wisp |
| 10:23 | Moon Well |
| 10:55 | Moon Well |
| 11:24 | Moon Well |
| 11:40 | Moon Well |
| 11:43 | Moon Well |
| 11:58 | Moon Well |
| 12:02 | Well Spring |
| 12:08 | Wisp |
| 12:55 | Moon Well |
| 13:35 | Moon Well |
| 13:39 | Wisp |
| 13:46 | Ancient of Wonders |
| 13:48 | Moon Well |
| 14:28 | Moon Well |
| 14:33 | Entangling Roots |
| 14:35 | Staff of Sanctuary |
| 15:12 | Potion of Healing |
| 15:22 | Wisp |
| 15:43 | Circlet of Nobility |
| 15:53 | Nature's Blessing |
| 16:29 | Ultravision |
| 16:35 | Moon Well |
| 16:46 | Orb of Venom |
| 16:47 | Staff of Preservation |
| 16:53 | Ancient of Wonders |
| 16:58 | Wisp |
| 17:14 | Forked Lightning |
| 17:37 | Moon Well |
| 17:45 | Moon Well |
| 17:48 | Moon Well |
| 17:55 | Moon Well |
| 17:57 | Moon Well |
| 18:12 | Orb of Venom |
| 19:01 | Moon Well |
| 19:28 | Lesser Clarity Potion |
| 19:56 | Moon Well |
| 20:01 | Moon Well |
| 20:05 | Moon Well |
| 20:58 | Moon Well |
| 21:30 | Circlet of Nobility |
| 21:46 | Staff of Teleportation |
| 22:29 | Tree of Life |
| 24:39 | Moon Well |
| 25:28 | Moon Well |
| 26:14 | Ancient of Wonders |
| 26:27 | Wisp |
| 26:27 | Wisp |
| 26:28 | Wisp |
| 26:28 | Wisp |
| 26:28 | Wisp |
| 27:02 | Moon Well |
| 27:11 | Frost Arrows |
| 27:16 | Wisp |
| 27:16 | Wisp |
| 27:16 | Wisp |
| 28:18 | Tree of Life |
| 29:06 | Wisp |
| 29:07 | Wisp |
| 29:07 | Wisp |
| 29:32 | Thorns Aura |
| 31:09 | Wisp |
| 31:10 | Wisp |
| 31:10 | Wisp |
| 31:36 | Wisp |
| 32:48 | Forked Lightning |
| 36:47 | Entangling Roots |
| Right click | 2877 |
| Select group | 1176 |
| Assign group | 821 |
| Resource trade | 532 |
| Select | 438 |
| Build/train/purchase | 209 |
| Use ability | 114 |
| Chat | 66 |
| Misc. action | 36 |
| Item give/drop | 3 |
| Minimap ping | 3 |
| Remove unit | 2 |



| Scroll of Regeneration | 1 | 100 |
| Staff of Sanctuary | 3 | 750 |
| Staff of Teleportation | 3 | 450 |
| Periapt of Vitality | 2 | 650 |
| Boots of Speed | 1 | 250 |
| Circlet of Nobility | 1 | 175 |
| Orb of Venom | 2 | 650 |
| total: | 13 | 3025g |
| Peasant | 17 | 1275 | / | 0 |
| total: | 17 | 1275g | / | 0w |
| Scout Tower | 91 | 2730 | / | 1820 |
| Arcane Tower | 2 | 140 | / | 100 |
| Guard Tower | 40 | 2800 | / | 2000 |
| Altar of Kings | 1 | 180 | / | 50 |
| Farm | 4 | 320 | / | 80 |
| Lumber Mill | 2 | 240 | / | 0 |
| Arcane Vault | 2 | 260 | / | 60 |
| Arcane Sanctum | 1 | 150 | / | 140 |
| Keep | 1 | 320 | / | 210 |
| Castle | 1 | 360 | / | 210 |
| total: | 101 | 3880g | / | 2150w |
| 0:01 | Peasant |
| 0:01 | Peasant |
| 0:03 | Altar of Kings |
| 0:17 | Farm |
| 0:19 | Peasant |
| 0:31 | Peasant |
| 0:50 | Lumber Mill |
| 0:56 | Peasant |
| 1:09 | Peasant |
| 1:15 | Scout Tower |
| 1:16 | Scout Tower |
| 1:17 | Peasant |
| 1:20 | Scout Tower |
| 1:28 | Peasant |
| 1:38 | Scout Tower |
| 1:45 | Arcane Tower |
| 1:47 | Arcane Tower |
| 1:48 | Scout Tower |
| 1:49 | Peasant |
| 1:51 | Farm |
| 1:55 | Scout Tower |
| 2:04 | Improved Masonry |
| 2:05 | Blizzard |
| 2:09 | Guard Tower |
| 2:14 | Guard Tower |
| 2:18 | Scout Tower |
| 2:38 | Peasant |
| 2:44 | Guard Tower |
| 2:45 | Scout Tower |
| 2:53 | Peasant |
| 3:27 | Brilliance Aura |
| 3:34 | Scout Tower |
| 3:35 | Scout Tower |
| 3:40 | Guard Tower |
| 3:45 | Scout Tower |
| 3:47 | Guard Tower |
| 3:48 | Peasant |
| 3:50 | Peasant |
| 3:52 | Farm |
| 3:55 | Scout Tower |
| 3:55 | Scout Tower |
| 3:58 | Scout Tower |
| 3:58 | Scout Tower |
| 4:02 | Guard Tower |
| 4:04 | Scout Tower |
| 4:04 | Guard Tower |
| 4:09 | Scout Tower |
| 4:10 | Scout Tower |
| 4:10 | Scout Tower |
| 4:11 | Scout Tower |
| 4:12 | Guard Tower |
| 4:14 | Peasant |
| 4:21 | Scout Tower |
| 4:21 | Scout Tower |
| 4:22 | Scout Tower |
| 4:22 | Scout Tower |
| 4:27 | Scout Tower |
| 4:27 | Scout Tower |
| 4:28 | Scout Tower |
| 4:28 | Scout Tower |
| 4:29 | Guard Tower |
| 4:30 | Guard Tower |
| 4:33 | Scout Tower |
| 4:34 | Scout Tower |
| 4:35 | Scout Tower |
| 4:35 | Scout Tower |
| 4:41 | Scout Tower |
| 4:42 | Scout Tower |
| 4:42 | Scout Tower |
| 4:42 | Scout Tower |
| 4:45 | Peasant |
| 4:55 | Peasant |
| 4:56 | Guard Tower |
| 5:07 | Peasant |
| 5:10 | Guard Tower |
| 5:11 | Guard Tower |
| 5:13 | Guard Tower |
| 5:26 | Arcane Vault |
| 5:27 | Guard Tower |
| 5:30 | Guard Tower |
| 5:38 | Farm |
| 5:44 | Guard Tower |
| 6:03 | Guard Tower |
| 6:06 | Scout Tower |
| 6:06 | Scout Tower |
| 6:07 | Scout Tower |
| 6:07 | Scout Tower |
| 6:22 | Scout Tower |
| 6:23 | Scout Tower |
| 6:43 | Scout Tower |
| 6:45 | Guard Tower |
| 6:51 | Guard Tower |
| 6:52 | Scout Tower |
| 6:52 | Scout Tower |
| 6:54 | Guard Tower |
| 6:59 | Scout Tower |
| 7:01 | Scout Tower |
| 7:01 | Scout Tower |
| 7:02 | Scout Tower |
| 7:02 | Scout Tower |
| 7:06 | Scout Tower |
| 7:07 | Scout Tower |
| 7:07 | Scout Tower |
| 7:08 | Scout Tower |
| 7:13 | Scout Tower |
| 7:14 | Scout Tower |
| 7:17 | Guard Tower |
| 7:19 | Scout Tower |
| 7:19 | Scout Tower |
| 7:20 | Scout Tower |
| 7:20 | Scout Tower |
| 7:22 | Guard Tower |
| 7:38 | Guard Tower |
| 7:40 | Scout Tower |
| 7:41 | Scout Tower |
| 7:42 | Scout Tower |
| 7:42 | Scout Tower |
| 7:49 | Guard Tower |
| 7:49 | Guard Tower |
| 8:21 | Guard Tower |
| 8:22 | Scout Tower |
| 8:23 | Scout Tower |
| 8:23 | Scout Tower |
| 8:25 | Keep |
| 8:33 | Guard Tower |
| 8:36 | Guard Tower |
| 8:55 | Guard Tower |
| 9:04 | Scout Tower |
| 9:04 | Scout Tower |
| 9:05 | Scout Tower |
| 9:06 | Scout Tower |
| 9:06 | Scout Tower |
| 9:28 | Guard Tower |
| 10:15 | Scout Tower |
| 10:16 | Scout Tower |
| 10:17 | Scout Tower |
| 10:17 | Scout Tower |
| 10:26 | Arcane Vault |
| 10:34 | Blizzard |
| 10:39 | Guard Tower |
| 10:42 | Scroll of Regeneration |
| 10:47 | Advanced Masonry |
| 10:50 | Castle |
| 10:51 | Guard Tower |
| 11:21 | Guard Tower |
| 11:49 | Staff of Teleportation |
| 12:22 | Storm Bolt |
| 12:45 | Staff of Teleportation |
| 12:46 | Periapt of Vitality |
| 13:32 | Scout Tower |
| 13:33 | Scout Tower |
| 13:33 | Scout Tower |
| 13:34 | Scout Tower |
| 13:52 | Scout Tower |
| 14:13 | Holy Light |
| 14:27 | Staff of Teleportation |
| 14:28 | Boots of Speed |
| 15:58 | Imbued Masonry |
| 16:04 | Staff of Sanctuary |
| 16:39 | Guard Tower |
| 16:45 | Staff of Sanctuary |
| 17:34 | Lumber Mill |
| 18:07 | Staff of Sanctuary |
| 19:07 | Scout Tower |
| 19:08 | Scout Tower |
| 20:48 | Divine Shield |
| 21:07 | Bash |
| 21:21 | Guard Tower |
| 21:30 | Scout Tower |
| 21:49 | Arcane Sanctum |
| 22:01 | Guard Tower |
| 22:08 | Scout Tower |
| 22:20 | Scout Tower |
| 22:21 | Scout Tower |
| 22:48 | Scout Tower |
| 24:18 | Guard Tower |
| 25:36 | Orb of Venom |
| 25:37 | Orb of Venom |
| 25:47 | Scout Tower |
| 25:48 | Scout Tower |
| 25:51 | Scout Tower |
| 27:45 | Brilliance Aura |
| 27:50 | Guard Tower |
| 30:08 | Holy Light |
| 31:32 | Storm Bolt |
| 34:25 | Periapt of Vitality |
| 34:27 | Circlet of Nobility |
| 38:04 | Bash |
| 38:05 | Divine Shield |
| 38:07 | Blizzard |
| Right click | 3395 |
| Select | 1702 |
| Select group | 719 |
| Assign group | 265 |
| Use ability | 160 |
| Build/train/purchase | 156 |
| Misc. action | 23 |
| Minimap ping | 23 |
| Resource trade | 16 |
| Item give/drop | 7 |



x1)
| Staff of Sanctuary | 3 | 750 |
| Orb of Fire | 2 | 650 |
| Boots of Speed | 3 | 750 |
| Staff of Teleportation | 3 | 450 |
| Periapt of Vitality | 2 | 650 |
| Circlet of Nobility | 2 | 350 |
| Tome of Retraining | 1 | 300 |
| Orb of Venom | 2 | 650 |
| total: | 18 | 4550g |
| Peasant | 27 | 2025 | / | 0 |
| Priest | 1 | 135 | / | 10 |
| Dragonhawk Rider | 10 | 2000 | / | 300 |
| total: | 38 | 4160g | / | 310w |
| Scout Tower | 215 | 6450 | / | 4300 |
| Arcane Tower | 15 | 1050 | / | 750 |
| Guard Tower | 64 | 4480 | / | 3200 |
| Altar of Kings | 1 | 180 | / | 50 |
| Farm | 7 | 560 | / | 140 |
| Lumber Mill | 1 | 120 | / | 0 |
| Town Hall | 3 | 1155 | / | 615 |
| Arcane Vault | 2 | 260 | / | 60 |
| Blacksmith | 1 | 140 | / | 60 |
| Barracks | 1 | 160 | / | 60 |
| Arcane Sanctum | 1 | 150 | / | 140 |
| Gryphon Aviary | 2 | 280 | / | 300 |
| Keep | 1 | 320 | / | 210 |
| Castle | 1 | 360 | / | 210 |
| total: | 234 | 9455g | / | 5725w |
| 0:05 | Peasant |
| 0:05 | Peasant |
| 0:09 | Altar of Kings |
| 0:12 | Farm |
| 0:14 | Peasant |
| 0:29 | Peasant |
| 0:43 | Peasant |
| 0:53 | Peasant |
| 1:01 | Farm |
| 1:03 | Lumber Mill |
| 1:05 | Scout Tower |
| 1:24 | Peasant |
| 1:24 | Peasant |
| 1:37 | Arcane Tower |
| 1:38 | Scout Tower |
| 1:39 | Peasant |
| 1:50 | Farm |
| 1:55 | Peasant |
| 2:05 | Guard Tower |
| 2:06 | Scout Tower |
| 2:08 | Summon Water Elemental |
| 2:35 | Guard Tower |
| 2:38 | Peasant |
| 2:38 | Peasant |
| 2:38 | Peasant |
| 2:46 | Scout Tower |
| 3:13 | Peasant |
| 3:15 | Guard Tower |
| 3:16 | Scout Tower |
| 3:19 | Scout Tower |
| 3:50 | Guard Tower |
| 3:50 | Guard Tower |
| 3:52 | Scout Tower |
| 3:55 | Scout Tower |
| 3:57 | Peasant |
| 3:57 | Peasant |
| 4:13 | Scout Tower |
| 4:18 | Guard Tower |
| 4:30 | Peasant |
| 4:31 | Peasant |
| 4:34 | Guard Tower |
| 4:36 | Scout Tower |
| 4:44 | Arcane Tower |
| 4:46 | Scout Tower |
| 4:57 | Boots of Speed |
| 4:57 | Staff of Teleportation |
| 5:14 | Guard Tower |
| 5:26 | Scout Tower |
| 5:33 | Guard Tower |
| 5:44 | Keep |
| 6:16 | Brilliance Aura |
| 6:42 | Town Hall |
| 6:47 | Scout Tower |
| 6:48 | Scout Tower |
| 6:48 | Scout Tower |
| 6:50 | Scout Tower |
| 6:51 | Scout Tower |
| 6:57 | Guard Tower |
| 6:59 | Scout Tower |
| 7:03 | Arcane Vault |
| 7:08 | Scout Tower |
| 7:08 | Scout Tower |
| 7:10 | Scout Tower |
| 7:18 | Guard Tower |
| 7:20 | Guard Tower |
| 7:21 | Guard Tower |
| 7:36 | Arcane Tower |
| 7:37 | Guard Tower |
| 7:39 | Scout Tower |
| 7:40 | Scout Tower |
| 7:44 | Guard Tower |
| 7:46 | Scout Tower |
| 7:58 | Guard Tower |
| 7:59 | Scout Tower |
| 8:26 | Castle |
| 8:41 | Scout Tower |
| 8:54 | Arcane Tower |
| 8:56 | Arcane Sanctum |
| 9:01 | Scout Tower |
| 9:02 | Scout Tower |
| 9:03 | Scout Tower |
| 9:11 | Scout Tower |
| 9:15 | Arcane Tower |
| 9:17 | Scout Tower |
| 9:18 | Scout Tower |
| 9:27 | Scout Tower |
| 9:28 | Scout Tower |
| 9:30 | Arcane Tower |
| 9:31 | Guard Tower |
| 9:36 | Guard Tower |
| 9:43 | Guard Tower |
| 9:55 | Storm Bolt |
| 10:33 | Arcane Tower |
| 10:34 | Guard Tower |
| 10:44 | Arcane Tower |
| 10:47 | Scout Tower |
| 10:48 | Scout Tower |
| 10:51 | Scout Tower |
| 10:52 | Scout Tower |
| 10:54 | Magic Sentry |
| 10:55 | Priest |
| 10:55 | Priest Adept Training |
| 11:11 | Staff of Sanctuary |
| 11:18 | Arcane Tower |
| 11:31 | Guard Tower |
| 11:33 | Peasant |
| 11:33 | Peasant |
| 11:33 | Peasant |
| 11:33 | Peasant |
| 11:46 | Guard Tower |
| 11:52 | Scout Tower |
| 11:53 | Scout Tower |
| 11:54 | Scout Tower |
| 11:54 | Scout Tower |
| 11:55 | Scout Tower |
| 11:56 | Scout Tower |
| 11:56 | Scout Tower |
| 11:57 | Scout Tower |
| 12:35 | Guard Tower |
| 12:38 | Scout Tower |
| 12:39 | Scout Tower |
| 12:39 | Scout Tower |
| 12:40 | Arcane Tower |
| 12:43 | Scout Tower |
| 12:44 | Scout Tower |
| 13:05 | Brilliance Aura |
| 13:13 | Guard Tower |
| 13:16 | Scout Tower |
| 13:18 | Arcane Vault |
| 13:20 | Scout Tower |
| 13:22 | Scout Tower |
| 13:25 | Improved Masonry |
| 13:40 | Guard Tower |
| 13:42 | Scout Tower |
| 13:43 | Scout Tower |
| 13:44 | Guard Tower |
| 13:49 | Guard Tower |
| 13:54 | Farm |
| 13:57 | Holy Light |
| 14:01 | Scout Tower |
| 14:02 | Scout Tower |
| 14:03 | Scout Tower |
| 14:04 | Scout Tower |
| 14:06 | Guard Tower |
| 14:07 | Scout Tower |
| 14:08 | Scout Tower |
| 14:08 | Scout Tower |
| 14:09 | Scout Tower |
| 14:12 | Scout Tower |
| 14:12 | Scout Tower |
| 14:38 | Guard Tower |
| 14:40 | Scout Tower |
| 14:41 | Scout Tower |
| 14:48 | Scout Tower |
| 15:56 | Guard Tower |
| 16:00 | Scout Tower |
| 16:01 | Scout Tower |
| 16:03 | Bash |
| 16:05 | Staff of Sanctuary |
| 16:35 | Guard Tower |
| 16:38 | Scout Tower |
| 16:39 | Scout Tower |
| 16:39 | Scout Tower |
| 16:40 | Scout Tower |
| 16:40 | Scout Tower |
| 16:41 | Scout Tower |
| 16:42 | Scout Tower |
| 16:42 | Scout Tower |
| 16:47 | Scout Tower |
| 16:49 | Scout Tower |
| 16:49 | Scout Tower |
| 16:50 | Scout Tower |
| 16:51 | Scout Tower |
| 16:53 | Scout Tower |
| 16:54 | Scout Tower |
| 16:54 | Scout Tower |
| 16:55 | Scout Tower |
| 16:56 | Peasant |
| 16:57 | Peasant |
| 16:59 | Orb of Fire |
| 16:59 | Staff of Sanctuary |
| 17:05 | Advanced Masonry |
| 17:06 | Improved Lumber Harvesting |
| 17:09 | Scout Tower |
| 17:12 | Scout Tower |
| 17:13 | Scout Tower |
| 17:13 | Scout Tower |
| 17:15 | Scout Tower |
| 17:16 | Scout Tower |
| 17:17 | Scout Tower |
| 17:23 | Scout Tower |
| 17:29 | Scout Tower |
| 17:30 | Guard Tower |
| 17:32 | Scout Tower |
| 17:35 | Scout Tower |
| 17:36 | Scout Tower |
| 17:37 | Scout Tower |
| 17:38 | Guard Tower |
| 17:44 | Guard Tower |
| 17:49 | Scout Tower |
| 17:49 | Scout Tower |
| 17:59 | Guard Tower |
| 18:16 | Guard Tower |
| 18:17 | Priest Master Training |
| 18:20 | Guard Tower |
| 18:38 | Guard Tower |
| 18:42 | Scout Tower |
| 18:43 | Scout Tower |
| 18:44 | Scout Tower |
| 18:44 | Scout Tower |
| 18:46 | Scout Tower |
| 18:47 | Scout Tower |
| 19:25 | Guard Tower |
| 19:30 | Scout Tower |
| 19:31 | Scout Tower |
| 19:36 | Boots of Speed |
| 19:38 | Staff of Teleportation |
| 19:42 | Guard Tower |
| 19:44 | Scout Tower |
| 19:44 | Scout Tower |
| 19:46 | Scout Tower |
| 19:46 | Scout Tower |
| 19:48 | Scout Tower |
| 19:48 | Scout Tower |
| 21:13 | Arcane Tower |
| 21:14 | Guard Tower |
| 21:17 | Scout Tower |
| 21:18 | Scout Tower |
| 21:19 | Scout Tower |
| 21:19 | Scout Tower |
| 21:55 | Scout Tower |
| 21:56 | Scout Tower |
| 22:01 | Town Hall |
| 22:02 | Scout Tower |
| 22:03 | Scout Tower |
| 22:03 | Scout Tower |
| 22:04 | Scout Tower |
| 22:04 | Scout Tower |
| 22:05 | Scout Tower |
| 22:08 | Scout Tower |
| 22:08 | Scout Tower |
| 22:09 | Scout Tower |
| 22:09 | Scout Tower |
| 22:19 | Scout Tower |
| 22:19 | Scout Tower |
| 22:27 | Guard Tower |
| 22:29 | Scout Tower |
| 22:29 | Scout Tower |
| 22:30 | Scout Tower |
| 22:30 | Scout Tower |
| 22:31 | Scout Tower |
| 22:31 | Scout Tower |
| 22:34 | Imbued Masonry |
| 22:37 | Farm |
| 22:38 | Farm |
| 22:40 | Gryphon Aviary |
| 22:42 | Arcane Tower |
| 22:48 | Gryphon Aviary |
| 22:53 | Blacksmith |
| 22:54 | Barracks |
| 23:00 | Scout Tower |
| 23:01 | Scout Tower |
| 23:11 | Guard Tower |
| 23:12 | Arcane Tower |
| 23:13 | Guard Tower |
| 23:13 | Guard Tower |
| 23:14 | Guard Tower |
| 23:59 | Guard Tower |
| 24:27 | Dragonhawk Rider |
| 24:38 | Scout Tower |
| 24:38 | Scout Tower |
| 24:39 | Scout Tower |
| 24:39 | Scout Tower |
| 24:40 | Scout Tower |
| 24:41 | Guard Tower |
| 24:44 | Scout Tower |
| 24:44 | Scout Tower |
| 24:45 | Scout Tower |
| 24:46 | Animal War Training |
| 24:48 | Studded Leather Armor |
| 24:49 | Farm |
| 25:01 | Dragonhawk Rider |
| 25:01 | Dragonhawk Rider |
| 25:18 | Scout Tower |
| 25:19 | Scout Tower |
| 25:20 | Scout Tower |
| 25:53 | Dragonhawk Rider |
| 25:54 | Dragonhawk Rider |
| 26:01 | Arcane Tower |
| 26:07 | Scout Tower |
| 26:07 | Scout Tower |
| 26:08 | Scout Tower |
| 26:09 | Scout Tower |
| 26:11 | Scout Tower |
| 26:11 | Scout Tower |
| 26:13 | Guard Tower |
| 26:16 | Reinforced Leather Armor |
| 26:20 | Arcane Tower |
| 26:26 | Orb of Fire |
| 26:37 | Dragonhawk Rider |
| 26:38 | Dragonhawk Rider |
| 27:03 | Guard Tower |
| 27:56 | Scout Tower |
| 27:57 | Scout Tower |
| 27:58 | Scout Tower |
| 27:58 | Scout Tower |
| 27:59 | Scout Tower |
| 28:00 | Scout Tower |
| 28:00 | Scout Tower |
| 28:01 | Scout Tower |
| 28:01 | Scout Tower |
| 28:02 | Scout Tower |
| 28:02 | Scout Tower |
| 28:03 | Scout Tower |
| 28:07 | Scout Tower |
| 28:08 | Scout Tower |
| 28:08 | Scout Tower |
| 28:13 | Guard Tower |
| 28:14 | Scout Tower |
| 28:15 | Scout Tower |
| 28:15 | Scout Tower |
| 28:16 | Scout Tower |
| 28:21 | Periapt of Vitality |
| 28:21 | Circlet of Nobility |
| 28:22 | Boots of Speed |
| 28:22 | Staff of Teleportation |
| 29:00 | Guard Tower |
| 29:15 | Divine Shield |
| 29:35 | Summon Water Elemental |
| 29:37 | Storm Bolt |
| 30:21 | Guard Tower |
| 30:22 | Scout Tower |
| 30:23 | Scout Tower |
| 30:24 | Scout Tower |
| 30:24 | Scout Tower |
| 30:25 | Scout Tower |
| 30:25 | Scout Tower |
| 30:26 | Scout Tower |
| 30:27 | Scout Tower |
| 30:28 | Scout Tower |
| 30:28 | Scout Tower |
| 30:29 | Scout Tower |
| 30:32 | Scout Tower |
| 30:33 | Scout Tower |
| 30:33 | Scout Tower |
| 30:34 | Scout Tower |
| 30:41 | Dragonhawk Rider |
| 30:41 | Dragonhawk Rider |
| 30:42 | Dragonhawk Rider |
| 30:44 | Dragonhide Armor |
| 30:44 | Iron Forged Swords |
| 31:07 | Peasant |
| 31:08 | Peasant |
| 31:08 | Peasant |
| 31:13 | Scout Tower |
| 31:13 | Scout Tower |
| 31:14 | Scout Tower |
| 31:25 | Cloud |
| 32:09 | Town Hall |
| 32:37 | Guard Tower |
| 32:45 | Guard Tower |
| 32:49 | Guard Tower |
| 32:51 | Scout Tower |
| 32:51 | Scout Tower |
| 32:52 | Scout Tower |
| 32:53 | Scout Tower |
| 32:54 | Scout Tower |
| 32:54 | Scout Tower |
| 33:57 | Guard Tower |
| 34:45 | Guard Tower |
| 34:54 | Steel Forged Swords |
| 35:07 | Guard Tower |
| 35:27 | Guard Tower |
| 35:29 | Scout Tower |
| 35:29 | Scout Tower |
| 35:31 | Scout Tower |
| 35:37 | Scout Tower |
| 35:38 | Scout Tower |
| 35:39 | Scout Tower |
| 35:41 | Scout Tower |
| 35:42 | Scout Tower |
| 35:43 | Scout Tower |
| 36:04 | Tome of Retraining |
| 36:04 | Retrain Hero |
| 36:06 | Blizzard |
| 36:06 | Blizzard |
| 36:06 | Brilliance Aura |
| 36:06 | Brilliance Aura |
| 36:07 | Periapt of Vitality |
| 36:26 | Bash |
| 36:34 | Holy Light |
| 36:35 | Orb of Venom |
| 36:37 | Orb of Venom |
| 36:49 | Guard Tower |
| 36:58 | Circlet of Nobility |
| 38:24 | Guard Tower |
| 38:27 | Scout Tower |
| 38:27 | Scout Tower |
| 38:28 | Scout Tower |
| 38:33 | Mithril Forged Swords |
| Right click | 3186 |
| Select group | 2085 |
| Select | 530 |
| Build/train/purchase | 235 |
| Use ability | 121 |
| Misc. action | 59 |
| Assign group | 25 |
| Minimap ping | 22 |
| Chat | 8 |
| Item give/drop | 7 |
| Esc | 4 |



| Scroll of Regeneration | 2 | 200 |
| Potion of Healing | 2 | 300 |
| Staff of Sanctuary | 3 | 750 |
| Boots of Speed | 3 | 750 |
| Staff of Teleportation | 3 | 450 |
| Periapt of Vitality | 1 | 325 |
| Orb of Venom | 2 | 650 |
| total: | 16 | 3425g |
| Peasant | 18 | 1350 | / | 0 |
| Priest | 1 | 135 | / | 10 |
| Dragonhawk Rider | 8 | 1600 | / | 240 |
| Gryphon Rider | 4 | 1120 | / | 280 |
| total: | 31 | 4205g | / | 530w |
| Scout Tower | 68 | 2040 | / | 1360 |
| Arcane Tower | 3 | 210 | / | 150 |
| Guard Tower | 41 | 2870 | / | 2050 |
| Altar of Kings | 1 | 180 | / | 50 |
| Farm | 7 | 560 | / | 140 |
| Lumber Mill | 1 | 120 | / | 0 |
| Arcane Vault | 1 | 130 | / | 30 |
| Town Hall | 3 | 1155 | / | 615 |
| Blacksmith | 1 | 140 | / | 60 |
| Arcane Sanctum | 1 | 150 | / | 140 |
| Gryphon Aviary | 2 | 280 | / | 300 |
| Keep | 1 | 320 | / | 210 |
| Castle | 2 | 720 | / | 420 |
| total: | 85 | 4755g | / | 2695w |
| 0:01 | Peasant |
| 0:01 | Peasant |
| 0:07 | Altar of Kings |
| 0:14 | Peasant |
| 0:17 | Farm |
| 0:21 | Peasant |
| 0:33 | Peasant |
| 0:48 | Peasant |
| 0:53 | Lumber Mill |
| 0:55 | Scout Tower |
| 1:01 | Peasant |
| 1:20 | Farm |
| 1:25 | Peasant |
| 1:35 | Scout Tower |
| 1:35 | Arcane Tower |
| 1:40 | Peasant |
| 1:42 | Peasant |
| 1:51 | Peasant |
| 1:55 | Scout Tower |
| 2:07 | Blizzard |
| 2:08 | Guard Tower |
| 2:10 | Peasant |
| 2:34 | Guard Tower |
| 2:36 | Scout Tower |
| 2:36 | Scout Tower |
| 2:46 | Peasant |
| 3:07 | Guard Tower |
| 3:08 | Peasant |
| 3:17 | Brilliance Aura |
| 3:21 | Keep |
| 3:44 | Guard Tower |
| 4:44 | Arcane Vault |
| 4:48 | Farm |
| 4:49 | Farm |
| 5:23 | Town Hall |
| 5:26 | Scout Tower |
| 5:27 | Scout Tower |
| 5:27 | Scout Tower |
| 5:36 | Boots of Speed |
| 5:40 | Scout Tower |
| 5:41 | Scout Tower |
| 5:55 | Scout Tower |
| 6:22 | Scout Tower |
| 6:29 | Arcane Sanctum |
| 6:32 | Scroll of Regeneration |
| 6:36 | Guard Tower |
| 6:38 | Scout Tower |
| 6:38 | Scout Tower |
| 6:53 | Potion of Healing |
| 6:58 | Guard Tower |
| 7:10 | Improved Masonry |
| 7:10 | Improved Lumber Harvesting |
| 7:12 | Scout Tower |
| 7:13 | Scout Tower |
| 7:14 | Scout Tower |
| 7:17 | Scout Tower |
| 7:18 | Scout Tower |
| 7:21 | Scout Tower |
| 7:22 | Scout Tower |
| 7:22 | Scout Tower |
| 7:25 | Storm Bolt |
| 7:26 | Guard Tower |
| 7:28 | Scout Tower |
| 7:28 | Scout Tower |
| 7:29 | Scout Tower |
| 7:34 | Scroll of Regeneration |
| 8:02 | Guard Tower |
| 8:29 | Blizzard |
| 8:44 | Guard Tower |
| 8:45 | Guard Tower |
| 8:51 | Scout Tower |
| 9:01 | Scout Tower |
| 9:02 | Scout Tower |
| 9:02 | Scout Tower |
| 9:16 | Boots of Speed |
| 9:17 | Staff of Teleportation |
| 9:28 | Magic Sentry |
| 9:37 | Guard Tower |
| 9:49 | Peasant |
| 9:49 | Peasant |
| 9:49 | Peasant |
| 9:50 | Peasant |
| 10:35 | Priest |
| 10:37 | Guard Tower |
| 10:39 | Scout Tower |
| 10:40 | Scout Tower |
| 10:40 | Scout Tower |
| 10:41 | Scout Tower |
| 10:42 | Scout Tower |
| 10:42 | Scout Tower |
| 10:43 | Scout Tower |
| 10:44 | Scout Tower |
| 10:44 | Scout Tower |
| 10:45 | Scout Tower |
| 10:47 | Guard Tower |
| 10:49 | Castle |
| 10:53 | Advanced Masonry |
| 10:53 | Imbued Masonry |
| 11:18 | Bash |
| 11:51 | Potion of Healing |
| 12:53 | Guard Tower |
| 12:55 | Scout Tower |
| 13:49 | Staff of Sanctuary |
| 13:57 | Guard Tower |
| 14:00 | Gryphon Aviary |
| 14:27 | Gryphon Aviary |
| 14:29 | Blacksmith |
| 14:32 | Guard Tower |
| 14:37 | Scout Tower |
| 14:37 | Scout Tower |
| 14:38 | Scout Tower |
| 15:07 | Scout Tower |
| 15:08 | Scout Tower |
| 15:08 | Scout Tower |
| 15:09 | Scout Tower |
| 15:09 | Scout Tower |
| 15:10 | Scout Tower |
| 15:11 | Scout Tower |
| 15:11 | Scout Tower |
| 15:51 | Staff of Sanctuary |
| 16:33 | Guard Tower |
| 16:35 | Storm Hammers |
| 16:37 | Iron Forged Swords |
| 16:37 | Studded Leather Armor |
| 16:38 | Dragonhawk Rider |
| 16:43 | Farm |
| 16:48 | Holy Light |
| 17:21 | Boots of Speed |
| 17:21 | Staff of Teleportation |
| 17:28 | Guard Tower |
| 17:31 | Gryphon Rider |
| 17:33 | Farm |
| 17:34 | Farm |
| 18:21 | Gryphon Rider |
| 18:21 | Gryphon Rider |
| 18:26 | Steel Forged Swords |
| 19:05 | Gryphon Rider |
| 19:25 | Staff of Sanctuary |
| 19:42 | Staff of Teleportation |
| 22:00 | Arcane Tower |
| 22:01 | Arcane Tower |
| 22:01 | Guard Tower |
| 22:05 | Guard Tower |
| 22:06 | Scout Tower |
| 22:07 | Scout Tower |
| 22:07 | Scout Tower |
| 22:08 | Scout Tower |
| 22:08 | Scout Tower |
| 22:09 | Scout Tower |
| 22:12 | Mithril Forged Swords |
| 22:12 | Reinforced Leather Armor |
| 22:21 | Cloud |
| 22:52 | Guard Tower |
| 23:08 | Orb of Venom |
| 23:10 | Orb of Venom |
| 24:17 | Divine Shield |
| 24:41 | Scout Tower |
| 24:42 | Scout Tower |
| 24:43 | Scout Tower |
| 24:43 | Scout Tower |
| 24:44 | Scout Tower |
| 24:44 | Scout Tower |
| 24:44 | Scout Tower |
| 26:00 | Brilliance Aura |
| 26:41 | Periapt of Vitality |
| 26:52 | Dragonhide Armor |
| 26:54 | Dragonhawk Rider |
| 27:39 | Guard Tower |
| 27:39 | Guard Tower |
| 27:40 | Guard Tower |
| 27:54 | Dragonhawk Rider |
| 28:07 | Storm Bolt |
| 28:17 | Holy Light |
| 28:34 | Guard Tower |
| 28:43 | Scout Tower |
| 28:43 | Scout Tower |
| 28:44 | Scout Tower |
| 28:45 | Scout Tower |
| 29:42 | Dragonhawk Rider |
| 30:18 | Town Hall |
| 31:21 | Bash |
| 31:22 | Brilliance Aura |
| 31:32 | Divine Shield |
| 31:53 | Guard Tower |
| 32:17 | Dragonhawk Rider |
| 32:17 | Dragonhawk Rider |
| 32:18 | Dragonhawk Rider |
| 32:19 | Dragonhawk Rider |
| 33:58 | Town Hall |
| Right click | 5045 |
| Select | 1106 |
| Select group | 981 |
| Build/train/purchase | 270 |
| Use ability | 150 |
| Chat | 38 |
| Misc. action | 37 |
| Assign group | 23 |
| Minimap ping | 13 |
| Item give/drop | 4 |
| Remove unit | 3 |
| Esc | 1 |
221 units @ 37.2k
/ 7.9k
98 buildings @ 12.8k
/ 6.5k

| Acolyte | 9 | 675 | / | 0 |
| Ghoul | 6 | 720 | / | 0 |
| Crypt Fiend | 17 | 3655 | / | 680 |
| Necromancer | 5 | 725 | / | 100 |
| Obsidian Statue | 1 | 200 | / | 35 |
| Frost Wyrm | 17 | 6545 | / | 2040 |
| total: | 55 | 12520g | / | 2855w |
| Nerubian Tower | 1 | 100 | / | 20 |
| Spirit Tower | 4 | 580 | / | 160 |
| Ziggurat | 9 | 1350 | / | 450 |
| Crypt | 1 | 200 | / | 50 |
| Altar of Darkness | 1 | 180 | / | 50 |
| Graveyard | 1 | 215 | / | 0 |
| Tomb of Relics | 1 | 130 | / | 30 |
| Temple of the Damned | 1 | 155 | / | 140 |
| Slaughterhouse | 2 | 280 | / | 270 |
| Sacrificial Pit | 1 | 75 | / | 150 |
| Boneyard | 3 | 525 | / | 600 |
| Halls of the Dead | 1 | 320 | / | 210 |
| Black Citadel | 1 | 325 | / | 230 |
| total: | 20 | 3110g | / | 1740w |
| 0:08 | Acolyte |
| 0:08 | Acolyte |
| 0:11 | Ziggurat |
| 0:13 | Crypt |
| 0:37 | Altar of Darkness |
| 1:10 | Graveyard |
| 1:18 | Ziggurat |
| 1:32 | Ghoul |
| 1:49 | Ghoul |
| 1:56 | Ghoul |
| 2:37 | Crypt Fiend |
| 2:38 | Crypt Fiend |
| 2:43 | Death Coil |
| 3:25 | Ziggurat |
| 3:28 | Crypt Fiend |
| 3:31 | Creature Carapace |
| 4:10 | Crypt Fiend |
| 4:12 | Tomb of Relics |
| 4:36 | Crypt Fiend |
| 4:52 | Crypt Fiend |
| 5:30 | Unholy Aura |
| 5:38 | Halls of the Dead |
| 5:44 | Crypt Fiend |
| 5:59 | Nerubian Tower |
| 6:41 | Ziggurat |
| 6:47 | Creature Attack |
| 7:38 | Ziggurat |
| 7:42 | Crypt Fiend |
| 8:05 | Web |
| 8:17 | Temple of the Damned |
| 8:35 | Improved Creature Carapace |
| 9:36 | Acolyte |
| 9:36 | Acolyte |
| 9:36 | Acolyte |
| 9:36 | Acolyte |
| 9:39 | Crypt Fiend |
| 9:40 | Crypt Fiend |
| 10:13 | Death Coil |
| 10:29 | Crypt Fiend |
| 10:29 | Crypt Fiend |
| 10:33 | Skeletal Mastery |
| 10:53 | Ziggurat |
| 10:54 | Ziggurat |
| 11:09 | Necromancer |
| 11:09 | Necromancer |
| 11:40 | Acolyte |
| 11:40 | Acolyte |
| 11:40 | Acolyte |
| 11:54 | Necromancer |
| 11:55 | Necromancer Adept Training |
| 12:15 | Slaughterhouse |
| 12:23 | Spirit Tower |
| 12:49 | Crypt Fiend |
| 13:00 | Unholy Armor |
| 13:26 | Black Citadel |
| 13:38 | Necromancer |
| 13:49 | Necromancer |
| 14:07 | Obsidian Statue |
| 14:36 | Crypt Fiend |
| 14:41 | Improved Creature Attack |
| 15:47 | Sacrificial Pit |
| 16:37 | Boneyard |
| 16:40 | Boneyard |
| 16:48 | Boneyard |
| 16:56 | Ghoul |
| 16:56 | Ghoul |
| 17:04 | Spirit Tower |
| 17:07 | Ziggurat |
| 17:08 | Ziggurat |
| 17:57 | Freezing Breath |
| 18:00 | Frost Wyrm |
| 18:02 | Frost Wyrm |
| 18:04 | Frost Wyrm |
| 18:16 | Ghoul |
| 18:25 | Frost Wyrm |
| 18:50 | Frost Wyrm |
| 19:09 | Frost Wyrm |
| 19:22 | Spirit Tower |
| 19:27 | Spirit Tower |
| 19:42 | Frost Wyrm |
| 20:05 | Frost Wyrm |
| 21:13 | Advanced Creature Carapace |
| 21:24 | Frost Wyrm |
| 21:54 | Frost Wyrm |
| 23:03 | Advanced Creature Attack |
| 23:05 | Frost Wyrm |
| 23:06 | Frost Wyrm |
| 25:10 | Frost Wyrm |
| 25:49 | Frost Wyrm |
| 26:15 | Frost Wyrm |
| 26:55 | Frost Wyrm |
| 27:24 | Unholy Aura |
| 27:49 | Frost Wyrm |
| 29:21 | Slaughterhouse |
| 29:33 | Crypt Fiend |
| 29:33 | Crypt Fiend |
| 30:09 | Crypt Fiend |
| Right click | 342 |
| Select | 245 |
| Select group | 124 |
| Build/train/purchase | 83 |
| Assign group | 57 |
| Use ability | 23 |
| Misc. action | 4 |
| Minimap ping | 1 |


| Scroll of Regeneration | 11 | 1100 |
| Lesser Clarity Potion | 11 | 770 |
| Potion of Healing | 2 | 300 |
| Orb of Fire | 1 | 325 |
| total: | 25 | 2495g |
| Peasant | 22 | 1650 | / | 0 |
| Rifleman | 8 | 1640 | / | 240 |
| Mortar Team | 7 | 1260 | / | 490 |
| Siege Engine | 4 | 780 | / | 240 |
| Dragonhawk Rider | 6 | 1200 | / | 180 |
| Gryphon Rider | 9 | 2520 | / | 630 |
| Flying Machine | 4 | 400 | / | 120 |
| Forest Troll Shadow Priest | 1 | 195 | / | 10 |
| Forest Troll Berserker | 1 | 245 | / | 30 |
| Acolyte | 5 | 375 | / | 0 |
| total: | 67 | 10265g | / | 1940w |
| Scout Tower | 11 | 330 | / | 220 |
| Arcane Tower | 3 | 210 | / | 150 |
| Guard Tower | 5 | 350 | / | 250 |
| Altar of Kings | 1 | 180 | / | 50 |
| Farm | 11 | 880 | / | 220 |
| Blacksmith | 1 | 140 | / | 60 |
| Barracks | 1 | 160 | / | 60 |
| Arcane Vault | 1 | 130 | / | 30 |
| Lumber Mill | 2 | 240 | / | 0 |
| Town Hall | 2 | 770 | / | 410 |
| Workshop | 2 | 280 | / | 280 |
| Gryphon Aviary | 4 | 560 | / | 600 |
| Keep | 1 | 320 | / | 210 |
| Castle | 1 | 360 | / | 210 |
| total: | 36 | 3670g | / | 1930w |
| 0:02 | Peasant |
| 0:02 | Peasant |
| 0:03 | Peasant |
| 0:12 | Peasant |
| 0:19 | Peasant |
| 0:26 | Peasant |
| 0:27 | Peasant |
| 0:33 | Altar of Kings |
| 0:41 | Peasant |
| 0:46 | Farm |
| 0:49 | Peasant |
| 0:58 | Blacksmith |
| 1:10 | Barracks |
| 1:14 | Peasant |
| 1:24 | Farm |
| 1:30 | Peasant |
| 1:39 | Peasant |
| 1:48 | Scout Tower |
| 1:57 | Peasant |
| 2:10 | Farm |
| 2:14 | Rifleman |
| 2:26 | Arcane Tower |
| 2:31 | Flame Strike |
| 2:58 | Rifleman |
| 3:37 | Rifleman |
| 3:37 | Rifleman |
| 3:41 | Arcane Vault |
| 3:57 | Lumber Mill |
| 4:23 | Rifleman |
| 4:27 | Farm |
| 4:40 | Peasant |
| 4:40 | Peasant |
| 4:50 | Scroll of Regeneration |
| 4:52 | Lesser Clarity Potion |
| 4:53 | Scroll of Regeneration |
| 5:05 | Scout Tower |
| 5:39 | Rifleman |
| 5:40 | Guard Tower |
| 5:41 | Improved Masonry |
| 6:29 | Siphon Mana |
| 6:52 | Keep |
| 6:53 | Rifleman |
| 7:13 | Farm |
| 7:18 | Scout Tower |
| 7:30 | Forest Troll Shadow Priest |
| 7:31 | Forest Troll Berserker |
| 7:51 | Lumber Mill |
| 7:53 | Guard Tower |
| 7:58 | Scout Tower |
| 8:03 | Scroll of Regeneration |
| 8:03 | Lesser Clarity Potion |
| 8:10 | Scroll of Regeneration |
| 8:55 | Guard Tower |
| 9:06 | Farm |
| 9:24 | Breath of Fire |
| 9:34 | Workshop |
| 10:39 | Mortar Team |
| 10:39 | Mortar Team |
| 10:44 | Workshop |
| 10:49 | Scroll of Regeneration |
| 10:49 | Lesser Clarity Potion |
| 11:06 | Castle |
| 11:19 | Mortar Team |
| 11:24 | Lesser Clarity Potion |
| 12:00 | Town Hall |
| 12:41 | Scroll of Regeneration |
| 12:41 | Scroll of Regeneration |
| 12:42 | Lesser Clarity Potion |
| 12:42 | Lesser Clarity Potion |
| 12:47 | Siphon Mana |
| 13:39 | Siege Engine |
| 13:51 | Peasant |
| 13:51 | Peasant |
| 14:32 | Scroll of Regeneration |
| 14:32 | Lesser Clarity Potion |
| 14:33 | Lesser Clarity Potion |
| 14:33 | Potion of Healing |
| 14:40 | Siege Engine |
| 15:04 | Lesser Clarity Potion |
| 15:54 | Siege Engine |
| 15:54 | Siege Engine |
| 16:18 | Drunken Brawler |
| 16:33 | Mortar Team |
| 16:35 | Rifleman |
| 16:38 | Gryphon Aviary |
| 16:43 | Gryphon Aviary |
| 17:06 | Fragmentation Shards |
| 17:08 | Mortar Team |
| 17:10 | Scroll of Regeneration |
| 17:10 | Lesser Clarity Potion |
| 17:13 | Potion of Healing |
| 17:13 | Orb of Fire |
| 17:19 | Cloud |
| 17:23 | Gryphon Aviary |
| 17:26 | Dragonhawk Rider |
| 18:04 | Gryphon Rider |
| 18:05 | Storm Hammers |
| 18:44 | Peasant |
| 18:52 | Gryphon Rider |
| 18:54 | Farm |
| 19:21 | Peasant |
| 19:22 | Peasant |
| 19:24 | Scout Tower |
| 20:02 | Arcane Tower |
| 20:04 | Scout Tower |
| 20:04 | Peasant |
| 20:06 | Peasant |
| 20:29 | Gryphon Aviary |
| 20:32 | Farm |
| 20:42 | Guard Tower |
| 20:45 | Farm |
| 20:49 | Gryphon Rider |
| 20:51 | Farm |
| 21:01 | Gryphon Rider |
| 21:32 | Breath of Fire |
| 21:46 | Gryphon Rider |
| 21:51 | Iron Forged Swords |
| 22:08 | Scroll of Regeneration |
| 22:26 | Gryphon Rider |
| 22:41 | Gryphon Rider |
| 23:12 | Dragonhawk Rider |
| 23:40 | Steel Forged Swords |
| 25:05 | Gryphon Rider |
| 25:08 | Mithril Forged Swords |
| 25:10 | Scroll of Regeneration |
| 25:10 | Lesser Clarity Potion |
| 26:28 | Dragonhawk Rider |
| 26:29 | Gryphon Rider |
| 28:10 | Flame Strike |
| 28:45 | Dragonhawk Rider |
| 30:09 | Dragonhawk Rider |
| 30:41 | Dragonhawk Rider |
| 31:46 | Flame Strike |
| 33:58 | Town Hall |
| 35:24 | Scout Tower |
| 35:42 | Farm |
| 35:53 | Flak Cannons |
| 36:03 | Arcane Tower |
| 36:04 | Scout Tower |
| 36:09 | Scout Tower |
| 36:14 | Flying Machine |
| 36:20 | Scout Tower |
| 36:57 | Guard Tower |
| 37:00 | Scout Tower |
| 37:04 | Flying Machine |
| 37:22 | Flying Machine |
| 37:24 | Flying Machine |
| 38:02 | Mortar Team |
| 38:06 | Acolyte |
| 38:06 | Acolyte |
| 38:07 | Acolyte |
| 38:07 | Acolyte |
| 38:07 | Acolyte |
| 38:51 | Mortar Team |
| Right click | 1553 |
| Select | 832 |
| Select group | 236 |
| Build/train/purchase | 153 |
| Use ability | 79 |
| Assign group | 73 |
| Minimap ping | 31 |
| Misc. action | 26 |
| Remove unit | 11 |
| Resource trade | 5 |
| Item give/drop | 1 |



| Rod of Necromancy | 4 | 600 |
| Potion of Healing | 3 | 450 |
| Orb of Corruption | 2 | 750 |
| Dust of Appearance | 1 | 75 |
| Scroll of Healing | 1 | 250 |
| Scroll of Town Portal | 1 | 350 |
| Boots of Speed | 1 | 250 |
| total: | 13 | 2725g |
| Acolyte | 13 | 975 | / | 0 |
| Ghoul | 6 | 720 | / | 0 |
| Crypt Fiend | 8 | 1720 | / | 320 |
| Obsidian Statue | 4 | 800 | / | 140 |
| Meat Wagon | 6 | 1380 | / | 300 |
| Frost Wyrm | 4 | 1540 | / | 480 |
| Necromancer | 3 | 435 | / | 60 |
| total: | 44 | 7570g | / | 1300w |
| Crypt | 1 | 200 | / | 50 |
| Ziggurat | 8 | 1200 | / | 400 |
| Altar of Darkness | 1 | 180 | / | 50 |
| Tomb of Relics | 1 | 130 | / | 30 |
| Graveyard | 1 | 215 | / | 0 |
| Slaughterhouse | 1 | 140 | / | 135 |
| Sacrificial Pit | 1 | 75 | / | 150 |
| Temple of the Damned | 1 | 155 | / | 140 |
| Boneyard | 2 | 350 | / | 400 |
| Halls of the Dead | 2 | 640 | / | 420 |
| Black Citadel | 2 | 650 | / | 460 |
| total: | 17 | 2645g | / | 1355w |
| 0:09 | Acolyte |
| 0:09 | Acolyte |
| 0:19 | Crypt |
| 0:22 | Ziggurat |
| 0:38 | Altar of Darkness |
| 0:55 | Tomb of Relics |
| 1:18 | Graveyard |
| 1:30 | Ghoul |
| 1:30 | Ghoul |
| 1:44 | Ghoul |
| 2:02 | Ziggurat |
| 2:09 | Ghoul |
| 2:09 | Ghoul |
| 2:28 | Ghoul |
| 2:38 | Rod of Necromancy |
| 2:38 | Rod of Necromancy |
| 2:41 | Death Coil |
| 2:59 | Crypt Fiend |
| 3:35 | Crypt Fiend |
| 3:48 | Halls of the Dead |
| 3:59 | Dust of Appearance |
| 4:27 | Ziggurat |
| 4:28 | Creature Attack |
| 4:36 | Unholy Aura |
| 4:53 | Crypt Fiend |
| 5:15 | Creature Carapace |
| 5:33 | Crypt Fiend |
| 5:44 | Ziggurat |
| 6:24 | Death Coil |
| 7:00 | Slaughterhouse |
| 7:11 | Web |
| 7:23 | Improved Creature Attack |
| 7:31 | Rod of Necromancy |
| 7:31 | Rod of Necromancy |
| 7:34 | Frost Nova |
| 8:10 | Black Citadel |
| 8:32 | Sacrificial Pit |
| 8:43 | Potion of Healing |
| 8:53 | Potion of Healing |
| 8:55 | Potion of Healing |
| 9:23 | Obsidian Statue |
| 9:25 | Ziggurat |
| 10:36 | Crypt Fiend |
| 10:38 | Destroyer Form |
| 10:38 | Obsidian Statue |
| 10:46 | Orb of Corruption |
| 10:47 | Orb of Corruption |
| 10:54 | Acolyte |
| 10:54 | Acolyte |
| 10:57 | Dark Ritual |
| 11:48 | Meat Wagon |
| 13:08 | Obsidian Statue |
| 13:10 | Crypt Fiend |
| 13:14 | Acolyte |
| 13:14 | Acolyte |
| 13:14 | Acolyte |
| 14:25 | Ziggurat |
| 14:26 | Ziggurat |
| 15:02 | Unholy Aura |
| 16:37 | Dark Ritual |
| 16:40 | Acolyte |
| 16:40 | Acolyte |
| 16:47 | Boneyard |
| 16:49 | Boneyard |
| 16:54 | Ziggurat |
| 16:58 | Improved Creature Carapace |
| 18:16 | Frost Wyrm |
| 18:18 | Meat Wagon |
| 19:12 | Meat Wagon |
| 19:12 | Crypt Fiend |
| 19:15 | Advanced Creature Attack |
| 20:31 | Meat Wagon |
| 21:16 | Frost Wyrm |
| 21:18 | Meat Wagon |
| 21:47 | Freezing Breath |
| 21:49 | Advanced Creature Carapace |
| 22:40 | Scroll of Healing |
| 22:59 | Meat Wagon |
| 23:01 | Exhume Corpses |
| 23:07 | Scroll of Town Portal |
| 23:24 | Temple of the Damned |
| 24:30 | Death Coil |
| 24:35 | Necromancer |
| 24:35 | Necromancer |
| 24:35 | Necromancer |
| 24:38 | Skeletal Mastery |
| 27:37 | Frost Nova |
| 29:06 | Frost Wyrm |
| 30:51 | Crypt Fiend |
| 30:53 | Frost Wyrm |
| 32:18 | Necromancer Adept Training |
| 32:23 | Acolyte |
| 32:23 | Acolyte |
| 32:24 | Acolyte |
| 32:24 | Acolyte |
| 33:09 | Obsidian Statue |
| 33:15 | Impale |
| 33:27 | Boots of Speed |
| 34:46 | Frost Nova |
| Right click | 1851 |
| Select | 554 |
| Select group | 395 |
| Misc. action | 285 |
| Build/train/purchase | 194 |
| Use ability | 71 |
| Assign group | 16 |
| Item give/drop | 4 |


| Lesser Clarity Potion | 7 | 490 |
| Staff of Sanctuary | 1 | 250 |
| Scroll of Regeneration | 6 | 600 |
| Potion of Mana | 2 | 400 |
| Potion of Healing | 1 | 150 |
| Scroll of Town Portal | 5 | 1750 |
| total: | 22 | 3640g |
| Peasant | 17 | 1275 | / | 0 |
| Footman | 3 | 405 | / | 0 |
| Rifleman | 2 | 410 | / | 60 |
| Flying Machine | 15 | 1500 | / | 450 |
| Mortar Team | 18 | 3240 | / | 1260 |
| total: | 55 | 6830g | / | 1770w |
| Scout Tower | 2 | 60 | / | 40 |
| Arcane Tower | 2 | 140 | / | 100 |
| Altar of Kings | 1 | 180 | / | 50 |
| Farm | 12 | 960 | / | 240 |
| Barracks | 1 | 160 | / | 60 |
| Blacksmith | 1 | 140 | / | 60 |
| Town Hall | 3 | 1155 | / | 615 |
| Lumber Mill | 1 | 120 | / | 0 |
| Arcane Vault | 1 | 130 | / | 30 |
| Workshop | 3 | 420 | / | 420 |
| Keep | 1 | 320 | / | 210 |
| Castle | 1 | 360 | / | 210 |
| total: | 25 | 3325g | / | 1515w |
| 0:02 | Peasant |
| 0:02 | Peasant |
| 0:02 | Peasant |
| 0:02 | Peasant |
| 0:19 | Altar of Kings |
| 0:34 | Farm |
| 0:50 | Barracks |
| 0:56 | Peasant |
| 0:56 | Peasant |
| 1:03 | Farm |
| 1:11 | Peasant |
| 1:23 | Peasant |
| 1:42 | Peasant |
| 1:48 | Scout Tower |
| 1:53 | Farm |
| 1:57 | Footman |
| 1:59 | Peasant |
| 2:10 | Peasant |
| 2:12 | Footman |
| 2:18 | Arcane Tower |
| 2:24 | Storm Bolt |
| 2:36 | Footman |
| 2:38 | Peasant |
| 2:38 | Peasant |
| 2:44 | Peasant |
| 2:51 | Peasant |
| 3:44 | Thunder Clap |
| 3:55 | Keep |
| 3:59 | Blacksmith |
| 4:28 | Farm |
| 5:07 | Town Hall |
| 5:14 | Storm Bolt |
| 5:22 | Lumber Mill |
| 5:27 | Scout Tower |
| 5:31 | Farm |
| 5:38 | Rifleman |
| 5:43 | Arcane Vault |
| 5:57 | Rifleman |
| 6:00 | Black Gunpowder |
| 7:00 | Castle |
| 7:02 | Farm |
| 7:05 | Improved Lumber Harvesting |
| 7:07 | Workshop |
| 7:09 | Workshop |
| 7:45 | Workshop |
| 7:49 | Improved Masonry |
| 7:52 | Peasant |
| 7:52 | Peasant |
| 7:53 | Arcane Tower |
| 8:23 | Flying Machine |
| 8:27 | Mortar Team |
| 8:40 | Holy Light |
| 8:52 | Lesser Clarity Potion |
| 9:04 | Farm |
| 9:05 | Farm |
| 9:07 | Flare |
| 9:09 | Mortar Team |
| 9:12 | Advanced Masonry |
| 9:40 | Farm |
| 9:43 | Farm |
| 9:45 | Fragmentation Shards |
| 9:45 | Mortar Team |
| 10:11 | Thunder Clap |
| 10:43 | Mortar Team |
| 10:44 | Refined Gunpowder |
| 10:53 | Mortar Team |
| 10:55 | Advanced Lumber Harvesting |
| 11:09 | Lesser Clarity Potion |
| 11:10 | Staff of Sanctuary |
| 13:29 | Mortar Team |
| 13:30 | Imbued Gunpowder |
| 14:39 | Mortar Team |
| 14:39 | Mortar Team |
| 15:43 | Mortar Team |
| 15:46 | Studded Leather Armor |
| 16:30 | Scroll of Regeneration |
| 16:32 | Lesser Clarity Potion |
| 16:34 | Scroll of Town Portal |
| 16:35 | Potion of Mana |
| 17:04 | Divine Shield |
| 17:07 | Storm Bolt |
| 18:08 | Mortar Team |
| 18:08 | Mortar Team |
| 19:37 | Mortar Team |
| 20:28 | Scroll of Regeneration |
| 20:30 | Scroll of Town Portal |
| 20:31 | Potion of Mana |
| 20:42 | Reinforced Leather Armor |
| 20:43 | Mortar Team |
| 20:45 | Farm |
| 20:48 | Farm |
| 20:58 | Flak Cannons |
| 21:01 | Flying Machine |
| 21:03 | Flying Machine |
| 21:03 | Flying Machine |
| 21:05 | Flying Machine |
| 21:06 | Flying Machine |
| 21:27 | Scroll of Regeneration |
| 21:29 | Scroll of Town Portal |
| 21:36 | Flying Machine |
| 21:36 | Flying Machine |
| 22:21 | Flying Machine Bombs |
| 22:21 | Flying Machine |
| 22:22 | Flying Machine |
| 22:40 | Dragonhide Armor |
| 23:30 | Holy Light |
| 23:57 | Scroll of Regeneration |
| 24:02 | Mortar Team |
| 24:09 | Lesser Clarity Potion |
| 24:19 | Iron Plating |
| 24:21 | Mortar Team |
| 25:13 | Avatar |
| 26:09 | Divine Shield |
| 26:14 | Flying Machine |
| 26:14 | Flying Machine |
| 26:22 | Scroll of Regeneration |
| 26:22 | Lesser Clarity Potion |
| 26:28 | Scroll of Town Portal |
| 26:40 | Flying Machine |
| 26:40 | Flying Machine |
| 26:58 | Flying Machine |
| 27:53 | Lesser Clarity Potion |
| 27:55 | Scroll of Town Portal |
| 28:14 | Scroll of Regeneration |
| 30:06 | Town Hall |
| 30:22 | Town Hall |
| 30:32 | Mortar Team |
| 30:32 | Mortar Team |
| 31:56 | Mortar Team |
| 34:23 | Potion of Healing |
| 35:18 | Lesser Clarity Potion |
| Right click | 1790 |
| Select group | 857 |
| Select | 564 |
| Build/train/purchase | 300 |
| Use ability | 116 |
| Assign group | 34 |
| Remove unit | 5 |
| Item give/drop | 3 |
| Esc | 1 |
| Minimap ping | 1 |
⇛